 Dungeon Crawl Stone Soup version 0.30-a0-305-g026cb31310 (webtiles) character file.

Game seed: 4347639115517391912

7883 ytrimaz the Grappler (level 11, -3/117 HPs)
             Began as a Troll Transmuter on Oct 21, 2022.
             Was a High Priest of Cheibriados.
             Slain by Snorg (17 damage)
             ... on level 10 of the Dungeon.
             The game lasted 00:10:25 (7685 turns).

ytrimaz the Grappler (Troll Transmuter)             Turns: 7685, Time: 00:10:26

Health: -3/117     AC:  9    Str: 38    XL:     11   Next: 2%
Magic:  11/11      EV: 10    Int: 25    God:    Cheibriados [*****.]
Gold:   222        SH:  0    Dex: 22    Spells: 3/12 levels left

rFire   . . .      SeeInvis .      - Unarmed
rCold   . . .      Faith    .    (no shield)
rNeg    . . .      Spirit   .    B - +0 steam dragon scales
rPois   .          Reflect  .    t - +2 hat
rElec   .          Harm     .    (no cloak)
rCorr   .          Rampage  .    (gloves unavailable)
Will    .....                    (boots unavailable)
Stlth   ++........               (no amulet)
HPRegen 1.19/turn                v - +4 ring of slaying
MPRegen 0.12/turn                n - +6 ring of strength

@: mighty, very slow
A: large, unfitting armour, claws 3, regeneration 1, shaggy fur 1, tough skin 1
a: Renounce Religion, Bend Time, Temporal Distortion, Slouch, Step From Time


You were on level 10 of the Dungeon.
You worshipped Cheibriados.
Cheibriados was extremely pleased with you.
You visited 2 branches of the dungeon, and saw 11 of its levels.
You also visited: Sewer.

You collected 485 gold pieces.
You spent 263 gold pieces at shops.


Innate Abilities, Weirdness & Mutations

You are too large for most types of armour.
You have claws for hands.
Your natural rate of healing is unusually fast.
You are covered in fur. (AC +1)
You have tough skin. (AC +1)


   Skills:
 - Level 10.0 Fighting
 - Level 1.5 Dodging
 - Level 10.0 Unarmed Combat
 - Level 1.2 Spellcasting
 + Level 4.5 Transmutations
 + Level 5.0 Earth Magic


You had 3 spell levels left.
You knew the following spells:

 Your Spells              Type           Power      Damage    Failure   Level
a - Beastly Appendage     Tmut           48%        N/A       1%          1
b - Wereblood             Tmut           24%        N/A       3%          2
c - Statue Form           Tmut/Erth      16%        N/A       95%         6

Your spell library contained the following spells:

 Spells                   Type           Power      Damage    Failure   Level
 Sting                    Tmut/Pois      48%        1d5       4%          1
 Necrotise                Necr           4%         1d4       12%         1
 Spider Form              Tmut/Pois      12%        N/A       14%         3
 Poisonous Vapours        Pois/Air       2%         N/A       19%         2
 Frozen Ramparts          Ice            2%         1d1       36%         3
 Ozocubu's Armour         Ice            1%         N/A       36%         3
 Vampiric Draining        Necr           1%         2d6       36%         3
 Petrify                  Tmut/Erth      25%        N/A       17%         4
 Ice Form                 Ice/Tmut       12%        N/A       43%         4
 Olgreb's Toxic Radiance  Pois           1%         N/A       77%         4
 Summon Ice Beast         Ice/Summ       1%         N/A       77%         4
 Agony                    Necr           1%         N/A       98%         5
 Metabolic Englaciation   Hex/Ice        0%         N/A       98%         5
 Simulacrum               Ice/Necr       0%         N/A       100%        6

Inventory:

Armour
 t - a +2 hat (worn)
   (You found it on level 6 of the Dungeon)
 B - +0 steam dragon scales (worn)
   (You found it on level 8 of the Dungeon)
Jewellery
 c - a ring of protection from fire
   (You found it on level 2 of the Dungeon)
 m - a +6 ring of strength
   (You found it on level 8 of the Dungeon)
 n - a +6 ring of strength (right claw)
   (You found it on level 4 of the Dungeon)
 p - a ring of fire
   (You found it on level 6 of the Dungeon)
 v - a +4 ring of slaying (left claw)
   (You found it on level 7 of the Dungeon)
 w - a ring of magical power
   (You found it on level 7 of the Dungeon)
 C - a ring of flight
   (You found it on level 8 of the Dungeon)
 F - the ring "Muereuh" {Fly rElec rF++ Str-4}
   (You took it off a kobold on level 10 of the Dungeon)

   [ring of flight]

   Str:       It affects your strength (-4).
   rF:        It greatly protects you from fire.
   rElec:     It insulates you from electricity.
   Fly:       It grants you flight.
Wands
 s - a wand of charming (6)
   (You found it on level 6 of the Dungeon)
 u - a wand of quicksilver (12) (quivered)
   (You found it on level 7 of the Dungeon)
 z - a wand of mindburst (10)
   (You found it on level 7 of the Dungeon)
 E - a wand of flame (10)
   (You found it on level 8 of the Dungeon)
Scrolls
 g - 4 scrolls of immolation
 i - 2 scrolls of blinking
 j - 5 scrolls of teleportation
 r - a scroll of enchant armour
 x - a scroll of noise
 y - a scroll of vulnerability
 A - a scroll of fog
 D - 2 scrolls of identify
Potions
 a - 2 potions of flight
 b - 4 potions of lignification
 d - 2 potions of ambrosia
 e - a potion of might
 f - a potion of heal wounds
 h - a potion of resistance {unknown}
 k - a potion of attraction
 l - 3 potions of curing
 o - 2 potions of cancellation
 q - 2 potions of magic

Dungeon Overview and Level Annotations

Branches:
Dungeon (10/15) Zot: 39159  Temple (1/1) D:4 Zot: 8661    Lair (0/5) D:8
    Orc (0/2) D:9           Sewer (visited)

Altars:
Ashenzari
Cheibriados
Dithmenos
Elyvilon
Fedhas
Gozag
Hepliaklqana
Kikubaaqudgha
Makhleb
Nemelex Xobeh
Okawaru
Qazlal
Ru
Sif Muna
Trog
Uskayaw
Vehumet
Wu Jian
Xom
Yredelemnul
Zin
The Shining One

Shops:
D:6 ?   D:9 :

Annotations:
D:10 Snorg

......##......#..........#...#
≈...§§§##...###...########...
.≈.≈.≈..##...................
..≈...≈..##..................
.≈.≈§≈.≈..##.................
≈.≈.≈§..≈..##########....#####
.§.≈.≈.≈.≈..#................#
.§≈...≈...≈.#................#
§§.≈§§.≈.≈..'...@T...........#
≈.≈.≈.≈.≈...'................#
§≈.≈§§.≈.§..'................#
..≈...≈...≈.#................#
.§.≈.≈.≈.§..##############...#
≈.≈.≈...≈..## ...#
.≈.≈.§.≈..## ..# §.≈§..≈..##
..# .§.≈.≈..## .#


You could see Snorg (berserk).


Message History

You take 23 damage, and now have 94/117 hp.
You scratch Snorg. Snorg bites you. Snorg claws you. Snorg claws you! 😮 HP[-13]
You take 13 damage, and now have 81/117 hp.
You mangle Snorg!! Snorg barely misses you.
Snorg claws you but does no damage. x2 😮 HP[+1] Unknown command.
You eviscerate Snorg!!! Snorg bites you! Snorg claws you! Snorg claws you.
* * * LOW HITPOINT WARNING * * *
Snorg barely misses you. Snorg claws you!
* * * LOW HITPOINT WARNING * * *
Snorg claws you but does no damage. 😨 HP[-39]
You take 39 damage, and now have 43/117 hp.
MASSIVE DAMAGE!! (PAUSE) Unknown command.
You feel very mighty all of a sudden. Snorg misses you. Snorg claws you.
* * * LOW HITPOINT WARNING * * *
Snorg claws you but does no damage. 😨 HP[-1]
You take 1 damage, and now have 42/117 hp.
Unknown command.
You feel much better. Snorg barely misses you.
Snorg claws you but does no damage. Snorg claws you.
Snorg bites you but does no damage. Snorg claws you.
* * * LOW HITPOINT WARNING * * *
Snorg claws you but does no damage. 😨 HP[+14]
You regained 14 hp, and now have 56/117 hp.
Unknown command.
Unknown command.
You claw Snorg! Snorg bites you!
* * * LOW HITPOINT WARNING * * *
Snorg closely misses you. Snorg barely misses you. 😨 HP[-14]
You take 14 damage, and now have 42/117 hp.
Unknown command.
You mangle Snorg!! Snorg bites you!
* * * LOW HITPOINT WARNING * * *
Snorg claws you.
* * * LOW HITPOINT WARNING * * *
Snorg claws you.
* * * LOW HITPOINT WARNING * * *
😱 HP[-18]
You take 18 damage, and now have 24/117 hp.
Unknown command.
Unknown command.
Okay, then.
Unknown command.
Blink to where?
Press: ? - help, Dir - move target
As you read the scroll of blinking, it crumbles to dust.
You hear a shout! 😱 HP[+1]
Aiming: Quicksilver Bolt
Press: ? - help, Q - select action, (/) - cycle Shift-Dir - straight line, f - Snorg
Aim: Snorg (severely wounded, berserk, 71% to hit)
The bolt of dispelling energy hits Snorg!! 😱 HP[+1] Unknown command.
Aiming: Quicksilver Bolt
Press: ? - help, Q - select action, (/) - cycle Shift-Dir - straight line, f/p - Snorg
Aim: Snorg (severely wounded, berserk, 71% to hit)
The bolt of dispelling energy misses Snorg. 😱 HP[+2]
You regained 2 hp, and now have 28/117 hp.
Aiming: Quicksilver Bolt
Press: ? - help, Q - select action, (/) - cycle Shift-Dir - straight line, f/p - Snorg
Aim: Snorg (severely wounded, berserk, 71% to hit)
The bolt of dispelling energy hits Snorg! 😱 HP[+1]
Aiming: Quicksilver Bolt
Press: ? - help, Q - select action, (/) - cycle Shift-Dir - straight line, f/p - Snorg
Aim: Snorg (almost dead, berserk, 71% to hit)
The bolt of dispelling energy hits Snorg!
Snorg bites you.
* * * LOW HITPOINT WARNING * * *
Snorg claws you!
* * * LOW HITPOINT WARNING * * *
Snorg claws you.
* * * LOW HITPOINT WARNING * * *
😱 HP[-18]
You take 18 damage, and now have 11/117 hp.
Unknown command.
You feel much better. Snorg bites you!!
* * * LOW HITPOINT WARNING * * *
Snorg closely misses you. x2 😱 HP[+9]
You regained 9 hp, and now have 20/117 hp.
You feel much better. Snorg bites you.
* * * LOW HITPOINT WARNING * * *
Snorg claws you.
* * * LOW HITPOINT WARNING * * *
Snorg claws you!
* * * LOW HITPOINT WARNING * * *
Snorg bites you!!
* * * LOW HITPOINT WARNING * * *
Snorg claws you!
You die...

Skill      XL: |  1  2  3  4  5  6  7  8  9 10 11 |
---------------+----------------------------------+-----
Fighting       | 1 2 3 4 5 6 9 10 | 10.0
Unarmed Combat | 4 5 6 7 8 10 | 10.0
Earth Magic    | 4 5 |  5.0
Transmutations | 4 |  4.5
Dodging        | |  1.5
Spellcasting   | |  1.2

Action                   |  1- 3 |  4- 6 |  7- 9 | 10-12 || total
-------------------------+-------+-------+-------+-------++-------
Melee: Unarmed           |    89 |    84 |   182 |   213 ||   568
       Punch             |     1 |     1 |     6 |     6 ||    14
 Cast: Beastly Appendage |       |       |     1 |       ||     1
Evoke: Wand              |       |       |       |     4 ||     4
  Use: Scroll            |     4 |     3 |     8 |     7 ||    22
       Potion            |       |       |       |     7 ||     7
 Stab: Sleeping          |     1 |       |     3 |     1 ||     5
Armor: Robe              |    32 |    45 |    33 |       ||   110
       Steam dragon scal |       |       |    21 |   127 ||   148
       Skin              |       |       |       |    55 ||    55
Dodge: Dodged            |    36 |    59 |   108 |   137 ||   340

Levels and vault maps discovered:
D:1:      saegor_arrival_simple_a, layout_basic, minmay_3d_cube
D:2:      layout_rooms, kennysheep_doodads, lexackson_kobold_supper
D:3:      layout_basic, kennysheep_generic_room_3
D:4:      layout_layer_cave, minmay_overflow_temple_star_quad,
          minmay_temple_entry_hall, portal_sewer_entry_f, uniq_grinder
D:5:      layout_loops_ring, minmay_misc_feat_doors
D:6:      layout_rooms, lemuel_round_altar, overflow_temple_1_default,
          serial_shops, nicolae_shop_crystal
D:7:      layout_loops_ring
D:8:      nicolae_cairo_tiling_large, layout_basic, david_lair_generic
D:9:      layout_big_octagon, mainiacjoe_overflow_brackets, zombieorc2_lemuel,
          serial_shops, shop
D:10:     layout_grid_maze, kennysheep_cluttered_room, uniq_snorg
Temple:   nicolae_temple_elliptical

Notes
Turn   | Place    | Note
-------+----------+-------------------------------------------
     0 | D:1      | ytrimaz the Troll Transmuter began the quest for the Orb.
     0 | D:1      | Reached XP level 1. HP: 18/18 MP: 1/1
     0 | D:1      | magus.rc [v1.9.6]
    71 | D:1      | Reached skill level 1 in Fighting
   178 | D:1      | Reached XP level 2. HP: 27/27 MP: 2/2
   185 | D:1      | Learned a level 2 spell: Wereblood
   477 | D:2      | Reached XP level 3. HP: 24/35 MP: 3/3
   512 | D:2      | Reached skill level 2 in Fighting
   521 | D:2      | Reached skill level 4 in Unarmed Combat
   571 | D:2      | You add the spells Sting, Poisonous Vapours and Olgreb's
                  | Toxic Radiance to your library.
   700 | D:2      | Reached XP level 4. HP: 42/42 MP: 4/4
   960 | D:3      | You fall into a shaft and drop 1 floor!
   960 | D:4      | Found a staircase to the Ecumenical Temple.
   963 | Temple   | Entered the Ecumenical Temple
  1165 | Temple   | Became a worshipper of Cheibriados the Contemplative
  1216 | D:4      | Found a glowing drain.
  1241 | Sewer    | Entered a sewer
  1314 | Sewer    | Noticed Pargi
  1324 | Sewer    | Killed Pargi
  1325 | Sewer    | Reached skill level 3 in Fighting
  1325 | Sewer    | Reached XP level 5. HP: 40/53 MP: 5/5
  1504 | D:4      | Noticed an ogre
  1510 | D:4      | Killed an ogre
  1511 | D:4      | Reached skill level 5 in Unarmed Combat
  1549 | D:4      | Reached XP level 6. HP: 61/61 MP: 6/6
  1641 | D:4      | Noticed Grinder
  1653 | D:4      | Killed Grinder
  1653 | D:4      | Reached * piety under Cheibriados
  1654 | D:4      | Reached skill level 4 in Fighting
  1654 | D:4      | Reached skill level 6 in Unarmed Combat
  1657 | D:4      | Reached XP level 7. HP: 44/71 MP: 7/7
  1763 | D:4      | Identified the +2 robe of Loss {Rampage Int+3}
  1848 | D:4      | Identified the +12 dagger "Kaav" {holy, Fragile Will+++
                  | Dex+7}
  2186 | D:4      | Identified the +1 robe of the King of the Hill {rC+}
  2612 | D:4      | Reached skill level 5 in Fighting
  2620 | D:4      | Found a stormy altar of Qazlal.
  2628 | D:4      | Found a sparkling altar of Nemelex Xobeh.
  2631 | D:4      | Found a shimmering blue altar of Sif Muna.
  2721 | D:5      | Entered Level 5 of the Dungeon
  2726 | D:5      | Learned a level 3 spell: Spider Form
  2728 | D:5      | You pick up a book of Necromancy and begin reading...
  2728 | D:5      | You add the spells Necrotise, Vampiric Draining and Agony
                  | to your library.
  2742 | D:5      | You pick up a book of Sloth and begin reading...
  2742 | D:5      | You add the spells Petrify, Metabolic Englaciation and
                  | Statue Form to your library.
  2878 | D:5      | You pick up a book of Winter and begin reading...
  2878 | D:5      | You add the spells Ozocubu's Armour and Simulacrum to your
                  | library.
  2914 | D:5      | Reached skill level 7 in Unarmed Combat
  2980 | D:5      | Reached XP level 8. HP: 77/81 MP: 8/8
  3220 | D:5      | Reached ** piety under Cheibriados
  3229 | D:5      | Learned a level 6 spell: Statue Form
  3421 | D:6      | Found a hazy altar of Hepliaklqana.
  3510 | D:6      | Reached skill level 6 in Fighting
  3528 | D:6      | Reached skill level 8 in Unarmed Combat
  3683 | D:6      | Found a basalt altar of Yredelemnul.
  3771 | D:6      | Found Hicselew's Magic Scroll Boutique.
  3779 | D:6      | Bought a scroll of teleportation for 33 gold pieces
  3779 | D:6      | Bought a scroll of teleportation for 33 gold pieces
  3779 | D:6      | Bought a scroll of blinking for 82 gold pieces
  3779 | D:6      | Bought a scroll of teleportation for 33 gold pieces
  3779 | D:6      | Bought a scroll of enchant armour for 82 gold pieces
  4164 | D:7      | Reached XP level 9. HP: 72/91 MP: 9/9
  4687 | D:8      | Reached skill level 7 in Fighting
  4687 | D:8      | Reached skill level 9 in Unarmed Combat
  4921 | D:8      | Reached *** piety under Cheibriados
  5310 | D:8      | Found a staircase to the Lair.
  5310 | D:8      | Noticed an elephant
  5310 | D:8      | Noticed a death yak
  5322 | D:8      | Killed a death yak
  5323 | D:8      | Reached skill level 8 in Fighting
  5323 | D:8      | Reached skill level 10 in Unarmed Combat
  5331 | D:8      | Killed an elephant
  5332 | D:8      | Reached skill level 9 in Fighting
  5334 | D:8      | Reached XP level 10. HP: 44/107 MP: 10/10
  5983 | D:9      | Found a shimmering altar of Xom.
  6060 | D:9      | Reached **** piety under Cheibriados
  6166 | D:9      | Found Jawupil's Book Emporium.
  6194 | D:9      | Found a staircase to the Orcish Mines.
  6212 | D:9      | Reached skill level 10 in Fighting
  6236 | D:9      | Reached skill level 1 in Earth Magic
  6242 | D:9      | Reached skill level 2 in Transmutations
  6250 | D:9      | HP: 26/110 [troll zombie (12)]
  6463 | D:9      | Reached ***** piety under Cheibriados
  6464 | D:9      | Reached skill level 2 in Earth Magic
  6792 | D:10     | Entered Level 10 of the Dungeon
  6834 | D:10     | Reached skill level 3 in Transmutations
  6886 | D:10     | Reached skill level 3 in Earth Magic
  7029 | D:10     | Noticed a two-headed ogre
  7033 | D:10     | Killed a two-headed ogre
  7034 | D:10     | Reached skill level 4 in Transmutations
  7034 | D:10     | Reached skill level 4 in Earth Magic
  7327 | D:10     | Identified the ring "Muereuh" {Fly rElec rF++ Str-4}
  7341 | D:10     | Reached XP level 11. HP: 76/117 MP: 11/11
  7344 | D:10     | Reached skill level 5 in Earth Magic
  7346 | D:10     | HP: 27/117 [kobold/+0 short sword (3)]
  7351 | D:10     | HP: 15/117 [poisoned by a kobold]
  7356 | D:10     | HP: 8/117 [poisoned by a kobold]
  7361 | D:10     | HP: 9/117 [poisoned by a kobold]
  7366 | D:10     | HP: 12/117 [poisoned by a kobold]
  7513 | D:10     | You pick up a book of Rime and begin reading...
  7513 | D:10     | You add the spells Frozen Ramparts and Summon Ice Beast to
                  | your library.
  7668 | D:10     | Noticed Snorg
  7678 | D:10     | HP: 29/117 [Snorg (14)]
  7683 | D:10     | HP: 25/117 [Snorg (5)]
  7683 | D:10     | HP: 11/117 [Snorg (5)]
  7685 | D:10     | Slain by Snorg

Vanquished Creatures
  A two-headed ogre (D:10)
  A death yak (D:8)
  An elephant (D:8)
  A kobold demonologist (D:10)
  Grinder (D:4)
  A shadow (D:9)
  6 yaks (D:10)
  A basilisk (D:8)
  3 steam dragons (D:8)
  2 acid dragons
  2 two-headed ogre zombies (D:9)
  A water moccasin (D:5)
  An ice beast (D:6)
  3 orc warriors
  2 black bears
  Pargi (Sewer)
  4 ogres
  A centaur (D:10)
  2 phantoms (D:9)
  4 kobold brigands
  4 bullfrogs
  2 necrophages (D:4)
  5 wights (D:7)
  3 troll zombies (D:9)
  9 killer bees
  6 howler monkeys
  A lava snake (D:10)
  3 hounds
  A jelly (D:8)
  6 orc priests
  4 iguanas
  8 orc wizards
  3 ogre zombies (D:9)
  5 gnolls
  5 adders
  A shadow imp (D:7)
  A white imp (D:7)
  An ufetubus (D:7)
  2 dart slugs
  19 orcs
  5 endoplasms
  3 giant cockroaches
  4 goblins
  A hobgoblin (D:4)
  3 jackals (Sewer)
  22 kobolds
  10 quokkas
  6 ball pythons
  2 bats
  5 frilled lizards
  3 goblin skeletons (D:9)
  4 goblin zombies (D:9)
  A hobgoblin skeleton (D:9)
  2 hobgoblin zombies (D:9)
  2 orc skeletons (D:9)
  13 orc zombies (D:9)
  6 rats
220 creatures vanquished.

Vanquished Creatures (others)
  3 plants (D:2)
3 creatures vanquished.

Grand Total: 223 creatures vanquished

Table legend:
 A = Non-vault XP
 B = Vault XP
 C = Vault XP percentage of total XP
 D = Non-vault monster count
 E = Vault monster count
 F = Vault count percentage of total count
                 A         B        C        D         E       F
            +---------+---------+-------+---------+---------+-------
      Total |    8160 |    3102 |  27.5 |     160 |      60 |  27.3
            +---------+---------+-------+---------+---------+-------
        D:1 |      24 |      16 |  40.0 |      14 |       2 |  12.5
        D:2 |      61 |      10 |  14.1 |      16 |       8 |  33.3
        D:4 |     593 |     291 |  32.9 |      20 |       6 |  23.1
        D:5 |     631 |       0 |   0.0 |      13 |       0 |   0.0
        D:6 |     635 |       0 |   0.0 |      12 |       0 |   0.0
        D:7 |     446 |       0 |   0.0 |       9 |       0 |   0.0
        D:8 |    1341 |    1618 |  54.7 |      21 |       4 |  16.0
        D:9 |     883 |    1031 |  53.9 |      27 |      36 |  57.1
       D:10 |    3546 |       0 |   0.0 |      28 |       0 |   0.0
      Sewer |       0 |     136 | 100.0 |       0 |       4 | 100.0
            +---------+---------+-------+---------+---------+-------

Illustrated notes

Table legend:
 A = Kills in this place as a percentage of kills in entire the game.
 B = Kills by you in this place as a percentage of kills by you in the entire game.
 C = Kills by friends in this place as a percentage of kills by friends in the entire game.
 D = Other kills in this place as a percentage of other kills in the entire game.
 E = Experience gained in this place as a percentage of experience gained in the entire game.
 F = Experience gained in this place divided by the number of levels of this place that you have seen.
                   A       B       C       D       E      F
               +-------+-------+-------+-------+-------+----------------------
         Total | 100.0 | 100.0 |   N/A |   N/A | 100.0 | 938.5
       Dungeon |  98.2 |  98.2 |   N/A |   N/A |  98.8 | 1112.6
         Sewer |   1.8 |   1.8 |   N/A |   N/A |   1.2 | 136.0
               +-------+-------+-------+-------+-------+----------------------

Table legend: (Time is in decaauts)
 A = Elapsed time spent in this place.
 B = Non-inter-level travel time spent in this place.
 C = Inter-level travel time spent in this place.
 D = Time resting spent in this place.
 E = Time spent auto-exploring this place.
 F = Levels seen in this place.
 G = Mean time per level.
                   A        B        C        D        E       F      G
               +--------+--------+--------+--------+--------+-----+--------+
         Total |  10340 |   9880 |    460 |    181 |   8144 |  12 |  861.7 |
       Dungeon |   9916 |   9519 |    397 |    181 |   7888 |  10 |  991.6 |
        Temple |    238 |    175 |     63 |      0 |    153 |   1 |  238.0 |
         Sewer |    185 |    185 |      0 |      0 |    102 |   1 |  185.0 |
               +--------+--------+--------+--------+--------+-----+--------+

Top non-repeatable levels by time:
     D:8: 1852 daAuts
     D:4: 1820 daAuts
    D:10: 1342 daAuts
     D:9: 1332 daAuts
     D:7: 1036 daAuts
     D:5: 936 daAuts
     D:6: 643 daAuts
     D:1: 461 daAuts
     D:2: 451 daAuts
  Temple: 238 daAuts
   Sewer: 185 daAuts
     D:3: 38 daAuts
